cohdb
Replays
Latest Replays
All Replays
Popular Replays
Top Player Replays
Match Explorer
How It Works
Community
CoH3 Stats
Reddit
Sign in to upload your games and track your stats! →
Sign in with Steam
Match 45932283
Unlisted
Match 45932283
Overview
Messages
Build Orders
End
Construct Infanterie Kompanie
Kettenkrad Recon Vehicle
Selects Breakthrough Battlegroup
Grenadier Squad
GrW 34 Mortar Team
MG 42 Machine Gun Team
Construct Panzergrenadier Kompanie
251 Medium Carrier
MG 42 Bunker
Pak 40 Anti-tank Gun Team
Grenadier Squad
Pak 40 Anti-tank Gun Team
Support Elements
Construct Panzer Kompanie
Nebelwerfer 42 Rocket Launcher Team
Selects Assault Grenadiers
Selects Breakthrough
Selects Incendiary Bombing Run
Selects Rapid Production
Selects Rapid Production
Selects Blitzkrieg
Medical Station
Breakthrough
Selects Incendiary Bombing Run
Panzer IV Medium Tank
Panzergrenadier Squad
Pioneer Squad
Blitzkrieg
Incendiary Bombing Run
Panzer IV Medium Tank
MG 42 Machine Gun Team
Grenadier Squad
Grenadier Squad
gegejordy
Ash Ketchup
Spy
MAKattack
Skull Throne
Zergvoss
Thank You Chef
Kray-Tos
0
0
Comments
sign in to comment!
No comments posted yet!